Cogmind - Beta 16 --- EXPLORER MODE // 2026.01.07 @ 10:42:55 Player: K.K.Y. Result: Destroyed by Y-45 Defender with Heavy Assault Rifle Performance ------------- Evolutions (0) 0 Regions Visited (3) 600 Robots Destroyed (46) 230 Value Destroyed (1301) 1301 Prototype IDs (12) 240 Alien Tech Used (0) 0 Bonus (-465) -465 TOTAL SCORE: 1906 Bonus ------- Friendly Fire -465 Cogmind --------- Core Integrity 0/250 Matter 300/300 Energy 100/100 System Corruption 0% Temperature Cool (9) Movement Treading (160) Location -10/Subcaves Parts ------- > --- POWER (1) -------- (None) > --- PROPULSION (2) --- Light Treads Spiked Treads > --- UTILITY (3) ------ Large Storage Unit Machine Analyzer > --- WEAPON (2) ------- Maul > --- INVENTORY (15) --- Improved Ion Engine Improved Ion Engine Improved Ion Engine Light Nuclear Core Meta Core Cooling System Cooling System Cooling System Structural Scanner Experimental Sensor Array Makeshift System Restoration Module Riot Gun Makeshift Laser Mining Laser Ripper Peak State ------------ > --- POWER ------------ Improved Ion Engine > --- PROPULSION ------- Light Treads Spiked Treads > --- UTILITY ---------- Large Storage Unit Machine Analyzer Medium Armor Plating > --- WEAPON ----------- Battle Cannon Maul > --- INVENTORY -------- Improved Ion Engine Improved Ion Engine Improved Ion Engine Meta Core Cooling System Cooling System Cooling System Structural Scanner Experimental Sensor Array Medium Armor Plating Riot Gun Makeshift Laser Battle Cannon Mining Laser Ripper [Rating: 20] Favorites ----------- Power Improved Ion Engine Engine Improved Ion Engine Propulsion Light Treads Treads Light Treads Wheel Wheel Utility Medium Armor Plating Storage Large Storage Unit Processor Machine Analyzer Protection Medium Armor Plating Weapon Maul Energy Gun Medium Laser Energy Cannon Beam Cannon Ballistic Cannon Battle Cannon Special Weapon Mining Laser Impact Weapon Maul Build | -11 -10 -10 -10 ------- Run | Yrd Mat Min Sub Slots Evolved 1 | . 1 . . Power . | . . . . Propulsion . | . . . . Utility 1 | . 1 . . Weapon . | . . . . Parts Attached 24 | 6 12 . 6 Power 2 | 1 1 . . Engine 2 | 1 1 . . Core . | . . . . Reactor . | . . . . Propulsion 6 | 2 3 . 1 Treads 5 | 2 2 . 1 Leg . | . . . . Wheel 1 | . 1 . . Hover . | . . . . Flight . | . . . . Utility 9 | 1 5 . 3 Device . | . . . . Storage 2 | . 2 . . Processor 1 | . . . 1 Hackware . | . . . . Protection 6 | 1 3 . 2 Artifact . | . . . . Weapon 7 | 2 3 . 2 Energy Gun 2 | 2 . . . Energy Cannon 1 | . 1 . . Ballistic Gun . | . . . . Ballistic Cannon 2 | . . . 2 Launcher . | . . . . Special Weapon 1 | . 1 . . Impact Weapon 1 | . 1 . . Slashing Weapon . | . . . . Piercing Weapon . | . . . . Special Melee Weapon . | . . . . Unidentified Prototypes . | . . . . Parts Lost 8 | . . . 8 Power 1 | . . . 1 Propulsion 1 | . . . 1 Utility 3 | . . . 3 Weapon 3 | . . . 3 Highest Loss Streak 1 | . . . 1 To Critical Strikes 2 | . . . 2 Average Backups 13 | 2 9 14 14 Power 2 | . 2 3 3 Propulsion . | . . 1 . Utility 7 | 1 6 8 7 Weapon 2 | . 1 2 3 Tool/Special . | . . . . Unused Backups 19 | 1 . 1 17 Power 4 | . . . 4 Propulsion . | . . . . Utility 9 | 1 . 1 7 Weapon 5 | . . . 5 Tool/Special 1 | . . . 1 Average Slot Usage (%) 92 | . 78 100 96 Engine 11 | . 12 12 10 Treads 24 | . 21 25 24 Storage 11 | . 9 12 12 Processor 3 | . . . 6 Protection 19 | . 20 25 17 Energy Gun 1 | . 7 . . Energy Cannon 6 | . 2 12 5 Ballistic Cannon 3 | . . . 5 Impact Weapon 9 | . 2 12 12 Peak Build Rating 20 | 6 14 15 20 Average Rating 14 | 4 8 14 16 On Entrance 8 | . 6 14 15 Avg Prop Armor Cover (%) 9 | . 9 . . Naked Turns . | . . . . Heaviest Build 47 | 10 47 47 47 Greatest Support 40 | 40 40 40 40 Greatest Overweight (x) 3 | . 3 1 1 Average Overweight (x) . | . . 1 . Largest Inventory Capacity 15 | 5 15 15 15 Average Capacity 13 | 5 11 15 15 Most Carried 15 | 5 15 15 15 Average Carried 13 | 2 9 14 14 Final Capacity 15 | 5 15 15 15 Final Carried 15 | 3 15 14 15 Class Distribution -------------------- 100% | Hacker-Mutant Dominant Class ---------------- Hacker-Mutant | -10/Materials Hacker-Mutant | -10/Mines Hacker-Mutant | -10/Subcaves Resources | -11 -10 -10 -10 ----------- Run | Yrd Mat Min Sub Matter Collected 798 | 260 184 19 335 Remotely . | . . . . Salvage Created 1478 | 104 352 212 810 Parts 62 | 4 13 9 36 Haulers Intercepted 2 | . 2 . . Recyclers Shooed . | . . . . Parts Field Recycled . | . . . . Retrieved Matter . | . . . . Parts Self-Destructed . | . . . . Prevented . | . . . . Parts Restored . | . . . . Kills | -11 -10 -10 -10 ------- Run | Yrd Mat Min Sub Combat Hostiles Destroyed 34 | . 6 8 20 Melee 6 | . . 3 3 Guns 4 | . 4 . . Cannons 18 | . 1 2 15 Classes Destroyed 12 | 2 6 . 4 Worker 1 | . 1 . . Builder 1 | . 1 . . Tunneler 1 | 1 . . . Hauler 2 | . 2 . . Recycler 1 | 1 . . . Turret 2 | . . . 2 Watcher 2 | . 2 . . Swarmer 6 | . 2 4 . Grunt 12 | . 4 4 4 Artisan 3 | . . . 3 Subdweller 16 | . . . 16 Zionite 1 | . . . 1 Thug 1 | . . . 1 Best Kill Streak 7 | 2 7 2 2 Combat Bots Only 4 | . 4 2 2 Max Kills in Single Turn 1 | 1 1 1 1 Gunslinging . | . . . . Exploded . | . . . . Melee 1 | . . 1 1 Uniques/NPCs Destroyed . | . . . . Combat | -11 -10 -10 -10 -------- Run | Yrd Mat Min Sub Hostile Shots Fired 234 | . 30 31 173 Missed 67 | . 7 6 54 Hits 167 | . 23 25 119 Projectile 167 | . 23 25 119 AOE 1 | . . . 1 Critical Strikes 5 | . 1 . 4 Damage Taken 1731 | . 194 153 1384 Core 255 | . 64 23 168 Absorbed by Shields . | . . . . Ignored by Resistances 1044 | . 103 106 835 Core Remaining (%) 100 | 100 . . . Volleys Fired 132 | 4 29 14 85 Largest 2 | 2 2 1 1 Hottest 100 | 100 100 60 60 Shots Fired 163 | 8 56 14 85 Gun 63 | 8 55 . . Cannon 99 | . . 14 85 Launcher . | . . . . Special 1 | . 1 . . Kinetic 57 | . . . 57 Thermal 106 | 8 56 14 28 Explosive . | . . . . Electromagnetic . | . . . . Robot Hit Streak 44 | 7 22 9 44 Robot Miss Streak 1 | . 1 1 1 Penetration Max . | . . . . Secondary Targets 2 | . 2 . . Max Gunslinging Chain 1 | . 1 . . Shots Hit Robots 178 | 7 49 17 105 Core Hits 53 | 3 17 5 28 Critical Kills 3 | . . 2 1 Critical Parts Destroyed 1 | . . 1 . Critical Strikes 19 | . 7 3 9 Burn 7 | . 7 . . Meltdown 1 | . . 1 . Blast 6 | . . . 6 Smash 5 | . . 2 3 Melee Attacks 192 | . . 5 187 Impact 192 | . . 5 187 Slashing . | . . . . Piercing . | . . . . Sneak Attacks 9 | . . 1 8 Combat Hostiles 1 | . . 1 . Follow-up Attacks . | . . . . Damage Inflicted 3897 | 87 624 484 2702 Guns 685 | 87 598 . . Cannons 1746 | . . 214 1532 Explosions . | . . . . Melee 1440 | . . 270 1170 Ramming 2 | . 2 . . Kinetic 1062 | . . . 1062 Thermal 1393 | 87 622 214 470 Explosive . | . . . . Electromagnetic . | . . . . Impact 1440 | . . 270 1170 Slashing . | . . . . Piercing . | . . . . Highest Corruption . | . . . . Average Corruption . | . . . . Corruption Purged . | . . . . Corruption Blocked . | . . . . Overload Shots . | . . . . Overflow Damage 360 | . . 88 272 Projectiles 23 | . . . 23 Explosions . | . . . . Melee 337 | . . 88 249 Knockbacks 18 | . . . 18 Impact 8 | . . . 8 Kinetic 10 | . . . 10 Secondary . | . . . . Self-Inflicted Damage . | . . . . Shots . | . . . . Rammed 1 | . 1 . . Targets Rammed 1 | . 1 . . Kicked . | . . . . Crushed . | . . . . Highest Temperature 577 | 144 577 344 163 Average Temperature 174 | 60 226 129 52 Received Heat Transfer 877 | . 132 96 649 Effects 16 | . 15 1 . Shutdowns 5 | . 5 . . Energy Bleed 1 | . 1 . . Interference 1 | . . 1 . Matter Decay 2 | . 2 . . Short Circuit 4 | . 4 . . Damage (minor) 2 | . 2 . . Damage (core) 1 | . 1 . . Siege Activations . | . . . . Martial Activations . | . . . . Shielding Activations . | . . . . Robots Disrupted . | . . . . Combat Hostiles . | . . . . Robots Corrupted 7 | . . 2 5 Combat Hostiles 4 | . . 2 2 Parts Fried 7 | . . 2 5 Impact Corruptions 13 | . . 3 10 Robots Melted 3 | . 2 1 . Combat Hostiles 2 | . 1 1 . Parts Melted 20 | 1 13 5 1 Heat Transferred 4046 | 259 2344 444 999 Parts Sabotaged . | . . . . Parts Stolen . | . . . . Parts Stripped . | . . . . Power Chain Reactions . | . . . . Alert | -11 -10 -10 -10 ------- Run | Yrd Mat Min Sub Maximum Alert Level . | . . . . Low Security (%) 100 | 100 100 100 . Level 1 . | . . . . Level 2 . | . . . . Level 3 . | . . . . Level 4 . | . . . . Level 5 . | . . . . High Security . | . . . . Max Security . | . . . . Peak Influence 77 | 5 77 50 . Initial . | . . . . Average 3 | 1 4 3 . Influence Increases 603 | 10 207 201 185 Destroy 0b10 Robot/C 400 | . 120 160 120 Destroy 0b10 Robot/NC 40 | 10 30 . . Destroy Leader 98 | . 38 40 20 Allied During Kill 1 | . . 1 . Successful Hack 19 | . 19 . . Lose Combat Pursuer 45 | . . . 45 Influence Decreases 603 | 10 207 180 206 Entered New Map 14 | . . . 14 Time Decay 589 | 10 207 180 192 Squads Dispatched . | . . . . Investigation . | . . . . Extermination . | . . . . Reinforcement . | . . . . Assault . | . . . . Garrison . | . . . . Intercept . | . . . . Searches Triggered . | . . . . Construction Impeded . | . . . . Haulers Reinforced . | . . . . Active Scanning Responses . | . . . . Cargo Convoy Interrupts . | . . . . Stealth | -11 -10 -10 -10 --------- Run | Yrd Mat Min Sub Distress Signals 2 | . 2 . . Communications Jammed . | . . . . Distress Signals . | . . . . Times Spotted 47 | . 15 7 25 Peak Tracking Total 3 | . 3 2 3 Tactical Retreats 1 | . . . 1 Traps | -11 -10 -10 -10 ------- Run | Yrd Mat Min Sub Traps Triggered . | . . . . Indirectly . | . . . . Trap Hack Attempts . | . . . . Triggered . | . . . . Disarmed . | . . . . Reprogrammed . | . . . . Reused . | . . . . Traps Extracted . | . . . . Installed . | . . . . Triggered . | . . . . Machines | -11 -10 -10 -10 ---------- Run | Yrd Mat Min Sub Machines Disabled 3 | . . . 3 Max in Single Turn 1 | . . . 1 Machines Repaired . | . . . . Machines Dismantled . | . . . . Machines Sabotaged . | . . . . Overloaded Fab Kills . | . . . . Hacking | -11 -10 -10 -10 --------- Run | Yrd Mat Min Sub Machines Accessed 13 | . 9 . 4 Terminals 8 | . 8 . . Fabricators . | . . . . Repair Stations . | . . . . Recycling Units 1 | . 1 . . Scanalyzers . | . . . . Garrison Access . | . . . . Total Hacks 25 | . 16 . 9 Successful 18 | . 9 . 9 Failed 7 | . 7 . . Catastrophic . | . . . . Database Lockouts . | . . . . Manual 17 | . 17 . . Terminals 15 | . 15 . . Fabricators . | . . . . Repair Stations . | . . . . Recycling Units 1 | . 1 . . Scanalyzers . | . . . . Garrison Access . | . . . . Terminal Hacks 10 | . 1 . 9 Record 6 | . . . 6 Robot Analysis 1 | . 1 . . Open Door 1 | . . . 1 Proto ID Catalog 1 | . . . 1 Release Object 1 | . . . 1 Fabricator Hacks . | . . . . Repair Station Hacks . | . . . . Recycling Unit Hacks 1 | . 1 . . Retrieve Components 1 | . 1 . . Scanalyzer . | . . . . Garrison Access Hacks . | . . . . Unauthorized Hacks 7 | . 7 . . Terminals 7 | . 7 . . Botnet 7 | . 7 . . Fabricators . | . . . . Repair Stations . | . . . . Recycling Units . | . . . . Scanalyzers . | . . . . Garrison Access . | . . . . Data Cores Recovered . | . . . . Used . | . . . . Hacking Detections 5 | . 5 . . Full Trace Events 3 | . 3 . . Feedback Events . | . . . . Feedback Blocked . | . . . . Robot Schematics Acquired . | . . . . Robots Built . | . . . . Authchips . | . . . . Time . | . . . . Total Robot Build Rating . | . . . . Part Schematics Acquired . | . . . . Parts Built . | . . . . Authchips . | . . . . Time . | . . . . Total Part Build Rating . | . . . . Part Studies Acquired . | . . . . Parts Repaired . | . . . . Time . | . . . . Parts Recycled . | . . . . Recycled Matter . | . . . . Retrieved Matter . | . . . . Retrieved Components 9 | . 9 . . Parts Scanalyzed . | . . . . Part Schematics Acquired . | . . . . Parts Damaged . | . . . . Bothacking | -11 -10 -10 -10 ------------ Run | Yrd Mat Min Sub Used RIF Installer . | . . . . Robots Hacked . | . . . . Non-combat . | . . . . Combat . | . . . . Robot Hacks Applied . | . . . . Relay Couplers Released . | . . . . Fabnet Peak Effective % . | . . . . Robots Rewired . | . . . . Allies Hacked . | . . . . Hacks Repelled . | . . . . Allies | -11 -10 -10 -10 -------- Run | Yrd Mat Min Sub Total Allies 2 | . . 2 . Largest Group 2 | . . 2 2 Highest-Rated Group 48 | . . 48 48 Highest-Rated Ally 31 | . . 31 31 Total Orders . | . . . . Ally Attacks 10 | . . . 10 Total Damage 209 | . . . 209 Kills . | . . . . Allies Corrupted 1 | . . . 1 Allies Melted . | . . . . Intel | -11 -10 -10 -10 ------- Run | Yrd Mat Min Sub Active Infowar (turns) 2261 | . . . 2261 Machine Analysis 2261 | . . . 2261 Robot Analysis Total 1 | . 1 . . Derelict Logs Recovered 3 | . . . 3 Drone Launches . | . . . . Drone Recoveries . | . . . . Exploration | -11 -10 -10 -10 ------------- Run | Yrd Mat Min Sub Turns Passed 8002 | 82 1921 1549 4450 Spaces Moved 3255 | 50 785 621 1799 Core 22 | 22 . . . Treads 3152 | 28 704 621 1799 Legs . | . . . . Wheels 81 | . 81 . . Hover . | . . . . Flight . | . . . . Fastest Speed 50 | 50 125 240 160 Average Speed 194 | 111 194 240 181 Slowest Speed 240 | 160 240 240 240 Overloaded Moves . | . . . . Propulsion Burnouts . | . . . . Robots Hopped . | . . . . Potential Cave-ins . | . . . . Cave-ins Triggered . | . . . . Exploration Rate (%) 72 | 4 94 97 95 Regions Visited 3 Branch Regions 2 Pre-discovered Areas 4 | . . . 4 Known Exits Taken 3 | 1 1 1 . Unknown Exits Taken . | . . . . Scrap Searched 8 | . . 3 5 Spaces Dug 35 | . . . 35 Terrain Destroyed 36 | . . . 36 Melee 35 | . . . 35 Projectile 1 | . . . 1 AOE . | . . . . Terrain Rammed . | . . . . Walls Destroyed . | . . . . Machines Disabled . | . . . . Actions | -11 -10 -10 -10 --------- Run | Yrd Mat Min Sub Total 4374 | 68 1122 658 2526 Wait 716 | . 267 16 433 Move 3252 | 49 784 620 1799 Hop . | . . . . Pick Up 36 | 8 17 1 10 Fast Attach 6 | 2 3 . 1 Attach 13 | 4 5 . 4 Detach 4 | . 4 . . Swap 6 | . 4 . 2 Drop 16 | 1 8 2 5 Fire 132 | 4 29 14 85 Melee 192 | . . 5 187 Ram . | . . . . Kick . | . . . . Crush 1 | . 1 . . Escape Stasis . | . . . . Rewire . | . . . . Trap . | . . . . Miscellaneous . | . . . . Route ------- -11/Scrapyard -10/Materials (discovered 5 exits: *Mat x3 / *Min / *Sub) -10/Mines (discovered 3 exits: *Mat x2 / *Sub) -10/Subcaves (discovered 3 exits: *Mat x2 / *Rec) History --------- Turn | Location | Event 9 | -11/Scrapyard | Identified exit to Materials 9 | -11/Scrapyard | Discovered exit to Materials (range 15) 83 | -11/Scrapyard | Entered Materials 83 | -10/Materials | Evolved 1 slot: Utility x1 312 | -10/Materials | Build established: Hacker-Mutant 524 | -10/Materials | Identified exit to Mines 524 | -10/Materials | Discovered exit to Mines (range 12) 810 | -10/Materials | Identified exit to Materials 810 | -10/Materials | Discovered exit to Materials (range 4) 839 | -10/Materials | Identified exit to Subcaves 839 | -10/Materials | Discovered exit to Subcaves (range 5) 1551 | -10/Materials | Discovered exit to Materials (range 9) 1728 | -10/Materials | Discovered exit to Materials (range 16) 2004 | -10/Materials | Entered Mines 2100 | -10/Mines | Found a damaged Exp. Sensor Array with a note attached 2106 | -10/Mines | Found Prototype Device 2222 | -10/Mines | Found a Scrap Suit stashed away for nefarious purposes 2688 | -10/Mines | Discovered exit to Materials (range 11) 3238 | -10/Mines | Discovered exit to Materials (range 5) 3274 | -10/Mines | Discovered exit to Subcaves (range 9) 3553 | -10/Mines | Entered Subcaves 3553 | -10/Subcaves | Accompanied by 2 allies 3554 | -10/Subcaves | Approached by a straggling Scientist 3558 | -10/Subcaves | Led the pair of lost Derelicts to an unsafe place 3688 | -10/Subcaves | Learned location of Zion (-6) 3688 | -10/Subcaves | Met a Zionite searching for "candidates" 4508 | -10/Subcaves | Shifting Twisted Machinery released Spk. Treads 4508 | -10/Subcaves | Shifting Twisted Machinery released Sub. Laser 4525 | -10/Subcaves | A swath of the cavern ceiling suddenly collapsed 5495 | -10/Subcaves | Ambushed by angry Subdweller bent on revenge 5853 | -10/Subcaves | Shifting Twisted Machinery released Sub. Shrapnel Launcher 5881 | -10/Subcaves | Core integrity fell below 50% 6003 | -10/Subcaves | Identified exit to Recycling 6003 | -10/Subcaves | Discovered exit to Recycling (range 9) 6059 | -10/Subcaves | Learned Materials stockpile data 6744 | -10/Subcaves | Visited 4L-MR0's lab 6764 | -10/Subcaves | Found Meta Core 7021 | -10/Subcaves | Visited Clippyterm 7026 | -10/Subcaves | Learned location of Deep Caves (-6) 7026 | -10/Subcaves | Learned location of Extension (-6) 7049 | -10/Subcaves | Shifting Twisted Machinery released Sub. Power Source 7058 | -10/Subcaves | Identified exit to Materials 7058 | -10/Subcaves | Discovered exit to Materials (range 5) 7080 | -10/Subcaves | Disturbed a concealed Subdweller 7433 | -10/Subcaves | A Subdweller sparked back to life 7433 | -10/Subcaves | A Subdweller sparked back to life 7433 | -10/Subcaves | A Subdweller sparked back to life 7435 | -10/Subcaves | Discovered exit to Materials (range 10) 7442 | -10/Subcaves | Core integrity fell below 20% 7910 | -10/Subcaves | Learned location of Storage (-7) 8003 | -10/Subcaves | Destroyed by Y-45 Defender with Heavy Assault Rifle Last Messages --------------- 07548_ Acquired 1 matter. 07554_ Acquired 14 matter. 07910_ Acquired derelict log, extracted data. World map updated: -7/Storage. 07918_ X9-BUO(R) knocked back. 07921_ Med. Armor Plating destroyed. 07924_ X9-BUO(R) destroyed. 07926_ DO-ZB6(R) knocked back. 07928_ DO-ZB6(R) affixes Scrap Shield Fragment to Scrap Shield. 07930_ DO-ZB6(R) suffers critical hit (Blast). 07930_ DO-ZB6(R) knocked back. 07932_ DO-ZB6(R) Sub. Optics blasted off. 07932_ DO-ZB6(R) destroyed. 07935_ Acquired 4 matter. 07938_ Acquired 44 matter. 07943_ Acquired 5 matter. 07950_ Acquired 2 matter. 07954_ Acquired 3 matter. 07993_ Battle Cannon destroyed. Map ----- +----------------------------------------------------+ | ##???????###### #""""" #???????????????? | | ???????## %""! #???????????????? | | ???????# ""&%& #####???????????????? | | #??????## %=%[% ##??????????????????? | | # #?###??## ### ##! #####??????????????? | | # #### #### ! ######### #??????????????? | | # ## * &*% #" """## #??????????????? | | ## * =*&%&% # "## #?????????????? | | ## " & = ##= # %"### ####?????????????? | | """" #### ### ##????????????????? | | ### #??# & %% >## ##?????????????????? | | #?# #?## % ""#####??????????????????? | | #? #?### % "#??????????????????????? | | ### ##???# % #??????????????????????? | | ####?# ????#" % ""#??????????????????????? | | ?????### ???########??????????????????????? | | ???????? #?????????##?????????????????????? | | ???????? ##??#?##?### ????###??????????????? | | ???????? #???? # ## ???? #??????????????? | | ???????? #????? ! ???? #??????????????? | | ???????? #??????# #???% ##?????????????? | | ???????? ???????# ### #?????????????? | | ???????? ????????# [% % #??????????????? | | ????????????????????# & % ##?????????????? | | ????????????????????# Y s #?????????????? | | ????????????????????#% @ #??????????????? | | ????????????????????# % ###??????????????? | | ????????????????????##### %#???????????????? | | ????????????????????????# #???????????????? | | ????????????????????????## #???????????????? | | ????????????????????????# # ##???????????????? | | ???????????????????????##% ##????????????????? | | ??????????????????????## ###?????????????????? | | ?????????????????????## ##???????????????????? | | ?????????????????????# ##????????????????????? | | ?????????????????????# #?????????????????????? | | ?????????????????????# ##????????????????????? | | ?????????????????????# #????????????????????? | | ?????????????????????# ##????????????????????? | | ?????????????????????## ##???????????????????? | | ??????????????????????## ##??????????????????? | | ???????????????????????## #??????????????????? | | ????????????????????????# #??????????????????? | | ???????????????????????## #??????????????????? | | ???????????????????????# ##??????????????????? | | ???????????????????????## ##?????????????????? | | ?????????????????????##?## ##????????????????? | | ?????????????????????# ### #????????????????? | | ?????????????????????# #????????????????? | | ####?????????????????# &! ###??????????????? | +----------------------------------------------------+ Best States ------------- Heat Dissipation 25 Energy Generation 12 Energy Capacity 265 Matter Stores 300 Matter Capacity 300 Sight Range 16 Terrain Scan Density 10 Armor Coverage 450 Resistance: KI 35 Resistance: TH 35 Resistance: EX 35 Resistance: EM 35 Resistance: I 35 Resistance: S 35 Resistance: P 35 Evasion (%) 50 Recoil Reduction 2 Offensive Hacking 20 Item Schematics ----------------- None Robot Schematics ------------------ None Fabricated ------------ Nothing Repaired ---------- Nothing Studied --------- None Alien Tech Used ----------------- None Achievements -------------- None Challenges ------------ None Game ------ Seed TransportWeaponsShield Manual? 0 Play Time 00:28:25 Cumulative 256.5 hours Start 2026.01.07 @ 10:19:29 End 2026.01.07 @ 10:42:55 Sessions 1 Manual Loads 0 Difficulty Explorer Special Mode None Game No. 405 Rogue 0 Adventurer 0 Explorer 405 Win Type - Total 0 Types 0/0/0/0/0/0/0/0/0/0 Lore% 72 Gallery% 69 Achievement% 54 Wizard Run 0 Options --------- Layout 1 ASCII 0 Keyboard 0 Movement Mouse Keybinds 0 Fullscreen 1 Font 24/Smallcaps Map View 50x35 Zoom Use 0% Tactical HUD 1 Map Filters NONE Filters NONE Steam 1 RUN: 76a05672-76bf-4b3d-bdd6-489e6bb8bff9